Map: Terrasses de Prion

Players

Zurvas - Winner!

  • Race: Terran Terran
  • League: Silver
  • Spawn Location: 11:00

zidar

  • Race: Zerg Zerg
  • League: Silver
  • Spawn Location: 5:00

VOD

Have the link to the VOD?

Description

Time

  • Played on: April 27, 2016, 1:37 a.m.
  • Length: 16:41
Show
View Real Time Build Order
Export as new Build Order

Zurvas Terran - Winner!

Build Orders: Gas First Reaper Expand 

Get SALT Encoding   

  12  0:02  SCV  
  13  0:14  SCV  
  14  0:22  Supply Depot  
  14  0:26  SCV  
  15  0:33  Refinery  
  15  0:45  Barracks  
  15  0:46  SCV  
  16  0:58  SCV  
  17  1:10  SCV  
  18  1:11  Supply Depot  
  18  1:22  SCV  
  19  1:32  Reaper  
  20  1:50  Command Center  
  20  1:56  SCV  
  20  1:57  Supply Depot  
  21  2:18  Orbital Command  
  21  2:23  Factory  
  21  2:24  Barracks Tech Lab  
  21  2:49  SCV  
  22  2:54  Barracks  
  22  2:57  Marine  
  23  3:06  Orbital Command  
  23  3:11  Starport  
  23  3:14  Refinery  
  23  3:20  Engineering Bay  
  23  3:21  Engineering Bay  
  23  3:36  Barracks Tech Lab  
  23  3:41  Barracks  
  23  3:43  Siege Tank  
  26  3:56  SCV  
  27  4:12  Orbital Command  
  27  4:29  Supply Depot  
  27  4:35  Bunker  
  27  4:38  Supply Depot  
  27  4:41  SCV  
  27  4:42  SCV  
  29  4:54  SCV x2  
  29  4:56  Siege Tank  
  34  5:02  Medivac  
  34  5:06  SCV x2  
  38  5:09  Stimpack  
  38  5:14  Barracks Reactor x2  
  38  5:18  SCV x2  
  40  5:30  Refinery, SCV x2  
  40  5:31  Refinery  
  44  5:36  Widow Mine  
  44  5:39  Marine  
  45  5:48  Medivac  
  47  5:53  Marine x2  
  47  5:54  Marine x2  
  47  5:56  Marine  
  52  6:22  Marine x3  
  52  6:23  Marine x2  
  52  6:25  Siege Tank  
  60  6:31  Starport Reactor  
  60  6:40  Marine x4  
  60  6:41  Marauder  
  60  6:44  Supply Depot x2  
  60  6:45  Terran Infantry Armor Level 1, Terran Infantry Weapons Level 1  
  60  6:46  Supply Depot  
  66  7:02  Marauder  
  66  7:08  Supply Depot, Siege Tank  
  71  7:10  Supply Depot  
  71  7:24  Marauder  
  73  7:31  Marine x4  
  77  7:40  Siege Tank  
  80  7:44  Barracks  
  80  7:45  Marauder  
  80  7:47  Command Center  
  80  7:49  Marine x4  
  86  7:51  Armory  
  85  8:00  Liberator  
  85  8:06  Marine  
  85  8:07  Marine x3, Marauder  
  84  8:19  Medivac  
  89  8:24  Marine  
  89  8:25  Marine x3  
  93  8:28  Marauder, SCV  
  96  8:40  SCV  
  96  8:41  Liberator  
  95  8:45  Terran Infantry Weapons Level 2  
  95  8:49  Marauder  
  95  8:53  SCV  
  98  8:55  Barracks Reactor  
  101  9:05  Terran Ship Weapons Level 1  
  101  9:25  Bunker  
  101  9:27  Missile Turret  
  101  10:11  Refinery  
  101  10:14  Refinery  
  101  10:15  SCV  
  102  10:27  SCV  
  103  10:35  Supply Depot  
  103  10:37  Liberator x2, Supply Depot x2, Orbital Command  
  103  10:39  SCV  
  104  10:51  SCV  
  111  10:59  Supply Depot  
  111  11:02  Supply Depot x2  
  111  11:04  SCV  
  112  11:11  Thor  
  118  11:12  Marine  
  118  11:13  Marine x6  
  125  11:19  Liberator  
  125  11:20  Liberator  
  125  11:23  Supply Depot  
  125  11:30  Marine  
  125  11:31  Marine x6  
  138  11:47  Barracks x2  
  138  11:48  Marine x5, SCV  
  138  11:50  Barracks  
  144  12:00  SCV  
  145  12:02  Liberator x2  
  145  12:05  Terran Infantry Armor Level 2  
  145  12:06  Terran Infantry Weapons Level 3  
  145  12:12  SCV  
  152  12:33  Hellbat  
  152  12:36  Marauder  
  152  12:37  Marine x6  
  162  12:45  Liberator x2  
  162  12:52  Barracks Tech Lab, Barracks Reactor x2  
  162  12:54  Marine, Hellion  
  162  12:55  Marine x5  
  162  12:58  Marauder  
  178  13:12  Marine  
  178  13:16  Hellion  
  178  13:19  Marauder  
  183  13:24  Marine  
  183  13:25  Marine x5  
  189  13:30  Marine  
  190  13:37  Hellion  
  190  13:40  Marauder  
  194  13:42  Marine  
  194  13:43  Marine x2  
  197  14:09  Marine x4, Medivac  
  197  14:10  Marauder, Hellion, Medivac  
  134  14:19  Marine x7  
  138  14:27  Marine x4  
  138  14:31  Marine  
  143  14:37  Marine x7  
  150  14:39  Medivac x2  
  150  14:45  Marine x4  
  158  14:48  Marine  
  159  14:54  Marine  
  159  14:55  Marine x6  
  166  15:03  Marine x4  
  166  15:05  Thor  
  166  15:06  Marine  
  177  15:09  Medivac x2  
  177  15:12  Marine  
  177  15:13  Concussive Shells  
  182  15:26  Hellion x4  
  182  15:39  Medivac  
  184  15:44  Orbital Command  
  87  16:06  Marine x9  
  87  16:07  Marauder  
  87  16:08  Marauder  
  99  16:22  Marine  
Show
View Real Time Build Order
Export as new Build Order

zidar Zerg 

Build Orders: Hatch First, Muta Ling Bane 

Get SALT Encoding   

  12  0:02  Drone  
  13  0:12  Overlord  
  13  0:17  Drone  
  14  0:30  Drone x2  
  16  0:38  Drone  
  17  0:58  Drone  
  17  0:59  Hatchery  
  17  1:12  Spawning Pool  
  17  1:15  Drone  
  17  1:22  Drone  
  18  1:30  Extractor, Drone  
  18  1:32  Overlord  
  17  1:50  Drone  
  18  1:59  Queen  
  20  2:04  Drone  
  20  2:06  Drone  
  22  2:11  Queen  
  24  2:19  Zergling x4  
  26  2:33  Metabolic Boost  
  26  2:50  Zergling x8  
  26  2:51  Zergling x4  
  32  2:58  Baneling Nest  
  31  3:07  Drone x2  
  33  3:19  Extractor  
  32  3:30  Drone x4  
  36  3:36  Overlord  
  36  3:45  Baneling x3  
  36  3:51  Lair  
  36  4:06  Queen  
  36  4:08  Overlord  
  36  4:09  Overlord  
  38  4:11  Drone x6  
  43  4:56  Drone  
  43  4:57  Drone x4  
  43  4:58  Drone  
  43  4:59  Hatchery  
  48  5:05  Extractor  
  48  5:06  Drone x2  
  49  5:08  Extractor  
  49  5:12  Centrifical Hooks  
  48  5:18  Spire  
  47  5:31  Zergling x2  
  47  5:32  Zergling x18  
  47  5:34  Baneling  
  47  5:35  Baneling x7  
  57  5:58  Drone  
  57  5:59  Drone  
  57  6:02  Overlord  
  57  6:03  Overlord  
  59  6:04  Overlord  
  59  6:09  Overlord  
  59  6:20  Queen  
  61  6:30  Drone  
  61  6:31  Drone  
  63  6:33  Drone x3  
  63  6:36  Drone  
  67  6:48  Drone  
  67  6:49  Drone x9  
  77  7:03  Zerg Flyer Weapons Level 1  
  77  7:10  Mutalisk x6  
  77  7:15  Evolution Chamber  
  88  7:16  Evolution Chamber  
  87  7:32  Zergling x4  
  87  7:37  Overlord x4  
  89  7:38  Overlord x2  
  78  8:14  Overseer  
  76  8:41  Drone x12  
  82  8:46  Queen  
  90  9:06  Zerg Ground Armor Level 1  
  90  9:07  Zerg Melee Weapons Level 1  
  90  9:15  Extractor  
  89  9:17  Extractor  
  89  9:20  Zergling x18  
  97  9:40  Zergling x14  
  104  9:58  Drone x2  
  106  10:06  Mutalisk x9  
  114  10:08  Zergling x2  
  114  10:09  Baneling  
  114  10:10  Baneling x10  
  125  10:19  Infestation Pit  
  124  10:33  Hatchery  
  123  10:42  Zergling x22  
  134  10:51  Infestation Pit  
  134  10:53  Drone x3  
  136  11:13  Zergling x2  
  136  11:14  Zergling x2  
  138  11:52  Hatchery  
  137  11:54  Hive  
  137  11:55  Zerg Ground Armor Level 2  
  137  11:56  Zerg Melee Weapons Level 2  
  137  12:03  Zerg Flyer Weapons Level 2  
  137  12:09  Extractor  
  137  12:11  Extractor  
  135  12:31  Mutalisk  
  135  12:32  Mutalisk x3  
  135  12:33  Drone  
  135  12:34  Overlord  
  135  12:35  Overlord x10  
  144  12:41  Pneumatized Carapace  
  143  13:16  Baneling x10  
  143  13:17  Baneling x3  
  143  13:18  Baneling x6  
  143  13:31  Ultralisk Cavern  
  143  13:32  Drone x7  
  143  13:33  Drone x4  
  153  14:00  Spine Crawler  
  153  14:02  Spine Crawler x3  
  141  14:04  Spore Crawler, Spine Crawler x2  
  141  14:06  Spore Crawler x2  
  141  14:09  Spore Crawler  
  104  14:30  Ultralisk  
  104  14:31  Ultralisk x4  
  128  14:32  Ultralisk x4  
  128  14:33  Ultralisk x3  
  128  14:34  Ultralisk  
  128  14:38  Zergling x32  
  193  14:43  Baneling x4  
  193  14:45  Baneling  
  198  15:05  Chitinous Plating  
Tags
 
Add a new tag
Caveats
  • Supply blocks, unpowered buildings, or Contaminate may cause inaccurate times.
  • Supply counts are checked every 10 seconds.